Map: Golden Wall LE

Players

redleaf

  • Race: Protoss Protoss
  • League: Platinum
  • Spawn Location: 7:00

maquechsi - Winner!

  • Race: Terran Terran
  • Spawn Location: 5:00

VOD

Have the link to the VOD?

Description

Time

  • Played on: May 5, 2020, 11:45 p.m.
  • Length: 17:43
Show
View Real Time Build Order
Export as new Build Order

redleaf Protoss 

Build Orders: 1 Gate Expand, Zealot Archon 

Get SALT Encoding   

  12  0:00  Probe  
  13  0:13  Probe  
  14  0:25  Probe, Pylon  
  15  0:43  Probe  
  15  0:45  Gateway  
  16  0:55  Probe  
  16  0:57  Assimilator  
  17  1:07  Probe  
  18  1:19  Probe  
  19  1:31  Nexus  
  19  1:48  Cybernetics Core  
  19  1:50  Probe  
  20  2:01  Pylon  
  20  2:02  Probe  
  21  2:15  Probe  
  21  2:22  Warp Gate (Chrono Boost)  
  21  2:26  Adept  
  21  2:27  Probe  
  24  2:33  Assimilator  
  24  2:39  Gateway  
  24  2:41  Probe (Chrono Boost)  
  24  2:43  Gateway  
  26  2:44  Probe (Chrono Boost)  
  27  2:53  Probe (Chrono Boost)  
  27  2:55  Probe (Chrono Boost)  
  30  3:00  Stalker  
  30  3:09  Probe x2 (Chrono Boost)  
  32  3:13  Pylon  
  34  3:21  Probe x2 (Chrono Boost)  
  34  3:27  Probe (Chrono Boost)  
  34  3:29  Robotics Facility  
  34  3:32  Probe  
  36  3:49  Pylon  
  36  4:05  Stalker x2  
  40  4:18  Observer  
  41  4:24  Sentry, Stalker  
  41  4:26  Zealot  
  41  4:30  Probe  
  41  4:31  Probe  
  49  4:37  Twilight Council  
  49  4:39  Assimilator  
  49  4:42  Stalker  
  49  4:43  Sentry  
  49  4:44  Pylon  
  49  4:45  Pylon  
  53  4:48  Probe x2, Assimilator  
  53  4:51  Observer  
  56  5:00  Probe  
  56  5:03  Probe  
  56  5:11  Zealot x2  
  56  5:12  Zealot, Probe  
  63  5:15  Probe  
  63  5:20  Immortal (Chrono Boost)  
  64  5:24  Probe  
  64  5:28  Probe  
  70  5:34  Forge  
  70  5:38  Gateway  
  70  5:40  Gateway  
  70  5:46  Stalker  
  70  5:47  Stalker x2  
  69  6:00  Immortal  
  73  6:07  Protoss Ground Weapons Level 1 (Chrono Boost)  
  71  6:22  Charge (Chrono Boost)  
  71  6:24  Zealot x2  
  71  6:25  Zealot  
  77  6:31  Probe  
  78  6:38  Templar Archives  
  78  6:39  Pylon  
  78  6:48  Pylon  
  78  6:50  Pylon  
  78  6:56  Pylon  
  78  7:12  Photon Cannon  
  78  7:15  High Templar x3  
  80  7:16  High Templar  
  80  7:17  Pylon  
  80  7:22  Archon x2  
  86  7:25  Photon Cannon  
  86  7:39  High Templar  
  86  7:43  Pylon  
  88  7:45  Pylon  
  88  7:46  Pylon  
  88  7:47  High Templar  
  88  7:49  Zealot x3  
  96  7:52  Archon  
  96  8:07  Pylon  
  96  8:09  Warp Prism (Chrono Boost)  
  97  8:23  High Templar x3  
  103  8:27  Archon  
  103  8:36  High Templar  
  103  8:37  Pylon  
  103  8:40  Archon  
  105  8:56  Stalker  
  105  8:57  Stalker x3  
  79  9:40  High Templar x3  
  68  9:54  High Templar  
  68  9:55  Stalker  
  68  9:58  Nexus  
  60  10:08  Archon x2  
  60  10:13  Pylon  
  52  10:21  High Templar x2  
  54  10:25  Zealot  
  56  10:29  Zealot  
  58  10:36  Archon  
  58  10:38  Stalker  
  60  10:51  Gateway  
  60  10:52  Gateway x2  
  60  10:54  Gateway  
  60  10:57  Assimilator  
  60  11:01  Assimilator  
  60  11:03  Protoss Ground Weapons Level 2 (Chrono Boost)  
  58  11:08  Probe x2  
  58  11:10  Pylon  
  60  11:11  High Templar  
  60  11:12  High Templar  
  60  11:13  Zealot x2  
  60  11:15  Pylon  
  68  11:20  Probe x2  
  70  11:30  Photon Cannon  
  70  11:32  Probe, High Templar  
  73  11:33  Zealot  
  73  11:34  Zealot  
  77  11:51  Archon  
  77  11:53  Stalker x3  
  77  11:54  Stalker x3  
  85  11:55  Stalker  
  85  11:57  Stalker  
  93  12:08  Zealot  
  95  12:14  Stalker x2  
  99  12:29  High Templar x2  
  101  12:30  Stalker  
  101  12:31  Stalker x2  
  107  12:40  Archon  
  107  12:49  Immortal  
  111  12:54  Sentry  
  111  12:55  Sentry  
  111  12:56  Sentry  
  117  13:07  High Templar  
  117  13:08  Zealot  
  117  13:09  Zealot x4  
  122  13:33  Stalker x2  
  122  13:34  Stalker x3  
  112  14:23  Stalker x2  
  112  14:24  Stalker x3  
  80  14:54  High Templar x2  
  80  14:55  High Templar x3  
  68  15:06  Archon x2  
  60  15:15  Nexus  
  60  15:18  Pylon  
  60  15:35  Stalker x3  
  64  15:37  High Templar  
  66  15:44  Assimilator  
  66  15:48  Stalker  
  68  15:59  Stalker x3  
  74  16:10  Probe x2  
  76  16:14  High Templar  
  78  16:19  Zealot  
  78  16:23  Zealot  
  82  16:27  Zealot x2  
  86  16:43  High Templar  
  86  16:44  High Templar  
  90  16:53  Archon  
  88  16:54  Stalker  
  88  16:55  Stalker x2  
  88  16:57  Shield Battery  
  88  17:00  Shield Battery  
  94  17:04  Shield Battery  
  94  17:07  Shield Battery  
  93  17:13  Archon  
  91  17:19  Stalker x2  
  73  17:37  High Templar  
Show
View Real Time Build Order
Export as new Build Order

maquechsi Terran - Winner!

Build Orders:  

Get SALT Encoding   

  12  0:02  SCV  
  13  0:14  SCV  
  13  0:19  Supply Depot  
  14  0:26  SCV  
  15  0:41  SCV, Barracks  
  16  0:53  SCV, Supply Depot  
  17  1:01  Refinery  
  17  1:05  Refinery  
  17  1:06  SCV  
  18  1:18  SCV  
  19  1:35  Orbital Command  
  19  1:42  Marine  
  20  1:58  Factory  
  20  2:00  Marine  
  21  2:03  Supply Depot  
  21  2:18  SCV  
  22  2:30  SCV  
  23  2:43  Marine  
  24  2:46  SCV  
  25  2:51  Starport, Factory Tech Lab  
  25  2:56  Supply Depot  
  25  2:58  SCV  
  25  3:01  Marine  
  25  3:05  Command Center  
  27  3:10  SCV  
  28  3:16  Siege Tank  
  31  3:23  SCV  
  32  3:33  Fusion Core  
  32  3:35  SCV  
  33  3:59  SCV  
  33  4:13  SCV  
  34  4:21  Battlecruiser  
  40  4:26  SCV  
  40  4:28  Factory Tech Lab  
  41  4:31  Engineering Bay  
  41  4:38  SCV  
  42  4:50  SCV  
  43  4:59  Planetary Fortress  
  43  5:09  Missile Turret  
  43  5:21  Missile Turret  
  43  5:22  Missile Turret  
  43  5:25  Missile Turret  
  43  5:32  Refinery  
  43  5:42  Siege Tank  
  46  5:50  Supply Depot x2  
  46  6:14  Weapon Refit  
  46  6:16  Battlecruiser  
  52  6:27  Refinery  
  52  6:31  SCV  
  53  6:33  SCV  
  54  6:43  SCV  
  54  6:45  SCV  
  56  6:49  Starport  
  56  6:53  Starport  
  56  6:55  SCV  
  56  7:00  Command Center  
  57  7:07  SCV  
  58  7:09  Armory  
  58  7:12  Armory  
  58  7:19  SCV  
  58  7:21  Bunker  
  59  7:23  Neosteel Armor, Bunker  
  59  7:34  Starport Tech Lab x2  
  59  7:45  Supply Depot  
  59  7:48  Supply Depot  
  59  7:50  SCV  
  60  7:57  Marine  
  61  8:02  Terran Vehicle And Ship Armor Level 1, Terran Ship Weapons Level 1  
  61  8:06  Supply Depot  
  61  8:15  Marine  
  61  8:19  Missile Turret  
  62  8:20  Missile Turret  
  62  8:31  Battlecruiser  
  68  8:34  Refinery  
  68  8:35  Refinery  
  68  8:40  SCV x2, Missile Turret  
  70  8:41  Missile Turret  
  70  8:42  Missile Turret  
  70  8:43  Missile Turret  
  70  8:44  Planetary Fortress  
  70  8:52  SCV x2  
  72  8:56  Marine  
  73  9:04  SCV x2  
  73  9:07  Starport  
  75  9:14  Bunker, Marine  
  75  9:16  SCV x2  
  77  9:28  SCV x2  
  66  9:40  SCV  
  66  9:42  Battlecruiser  
  68  9:54  Barracks  
  69  10:07  Battlecruiser  
  67  10:15  Refinery  
  67  10:18  SCV  
  68  10:22  Starport Tech Lab  
  68  10:36  SCV x3  
  71  10:46  Supply Depot  
  71  10:48  SCV x2  
  73  10:50  Supply Depot  
  73  10:58  Battlecruiser  
  73  11:03  SCV x3  
  82  11:04  Terran Ship Weapons Level 2  
  82  11:15  SCV x3  
  85  11:30  SCV  
  86  11:42  SCV  
  87  11:49  Terran Vehicle And Ship Armor Level 2, Command Center  
  87  11:54  SCV, Battlecruiser, Starport  
  94  12:04  SCV  
  94  12:06  SCV  
  94  12:08  Battlecruiser  
  102  12:16  SCV  
  102  12:18  SCV  
  104  12:28  SCV  
  105  12:30  Starport Tech Lab  
  105  12:40  SCV  
  106  12:44  Supply Depot  
  106  12:57  Battlecruiser  
  112  13:01  Battlecruiser  
  112  13:02  Command Center  
  118  13:07  Supply Depot  
  118  13:08  Supply Depot  
  118  13:09  Supply Depot  
  118  13:30  Supply Depot  
  118  13:35  Supply Depot  
  118  13:37  Battlecruiser x2  
  106  14:03  Starport x2  
  106  14:06  Starport  
  106  14:07  Fusion Core  
  61  15:04  Starport Tech Lab  
  61  15:06  Battlecruiser  
  67  15:08  Starport Tech Lab x2  
  67  15:23  Starport Tech Lab  
  67  15:30  SCV  
  67  15:34  Refinery  
  68  15:42  SCV  
  69  15:47  Refinery  
  69  15:54  SCV  
  70  16:06  SCV x2  
  72  16:18  SCV  
  74  16:27  Planetary Fortress  
  74  16:30  SCV  
  74  16:43  SCV  
Tags
 
Composition
Zealot Archon
League
Platinum
Matchup
PvT
Spawn Locations
Close Positions
Add a new tag
Caveats
  • Supply blocks, unpowered buildings, or Contaminate may cause inaccurate times.
  • Supply counts are checked every 10 seconds.